AoeStats
← GladiusDecimus

Arabia

509014692Analyzed
2v2 RM · 8d ago on Sep 25, 2026· 67m 41s· 4 players
Game mode
Random Map
Map size
Medium (4 player)
Population
200
Speed
Normal
Resources
Standard
Victory
Conquest
Starting age
Dark Age
Ending age
Imperial Age
RankedLock teamsTeams togetherTeam positionsShared explorationLock speedFull tech treeHidden civsTurbo modeCheats
Victory
Defeat
🇨🇱 Varangians · Chile
892
+14
🇨🇱 Japanese · Chile
891
+14
🇺🇸 Danes · United States
868
-14
🇺🇸 Saxons · United States
836
-14
GladiusDecimus
6:54 Loom
11:26 Feudal Age
13:15 Double-Bit Axe
13:13 Horse Collar
13:36 Town Watch
18:24 Castle Age
20:31 Forging
22:20 Stone Mining
22:23 Gold Mining
24:08 Scale Mail Armor
24:50 Gold Shaft Mining
26:24 Wheelbarrow
26:58 Heavy Plow
27:51 Town Patrol
29:27 Hand Cart
29:24 Bow Saw
36:44 Imperial Age
38:31 Conscription
37:32 Shield Wall
37:35 Elite Hearth Troop
39:29 Elite Varangian Guard
40:10 Squires
40:28 Chain Mail Armor
40:48 Iron Casting
42:06 Plate Mail Armor
41:29 Arson
63:39 Pikeman
64:47 Halberdier
Elman
5:52 Loom
9:55 Feudal Age
11:09 Feudal Age
12:12 Double-Bit Axe
11:59 Man-at-Arms
14:52 Loom
17:04 Horse Collar
20:31 Castle Age
23:03 Pikeman
25:03 Arson
25:33 Forging
26:20 Scale Mail Armor
27:37 Heavy Plow
32:38 Wheelbarrow
36:24 Hand Cart
35:57 Town Watch
36:50 Gold Mining
38:31 Elite Skirmisher
39:47 Squires
41:00 Hamask
46:04 Chain Mail Armor
46:26 Iron Casting
62:30 Gambesons
66:23 Town Patrol
66:51 Ballistics
Ser Marco San
7:58 Loom
10:34 Feudal Age
11:04 Double-Bit Axe
12:10 Horse Collar
15:31 Bloodlines
18:57 Forging
23:34 Castle Age
23:56 Stone Mining
25:36 Gold Mining
25:57 Heavy Plow
26:11 Bow Saw
27:00 Iron Casting
26:03 Man-at-Arms
27:00 Long Swordsman
27:49 Scale Mail Armor
33:36 Wheelbarrow
35:19 Scale Barding Armor
40:34 Imperial Age
40:05 Scale Barding Armor
39:52 Fletching
42:47 Conscription
42:47 Hand Cart
45:29 Blast Furnace
44:44 Murder Holes
47:13 Town Watch
52:01 Chain Barding Armor
52:11 Vendel Legacy
56:09 Town Patrol
57:16 Two-Man Saw
56:42 Ballistics
56:35 Masonry
56:33 Siege Engineers
57:29 Chemistry
58:03 Elite Jarl
58:38 Elite Jarl
62:03 Plate Barding Armor
Bilous
2:48 Loom
12:31 Feudal Age
13:12 Man-at-Arms
22:19 Castle Age
23:04 Forging
23:14 Squires
25:19 Scale Mail Armor
27:36 Town Watch
28:30 Stone Mining
29:10 Horse Collar
30:01 Arson
31:08 Fervor
32:24 Wheelbarrow
32:11 Fletching
34:04 Padded Archer Armor
34:13 Scale Barding Armor
35:14 Heavy Plow
35:59 Thumb Ring
41:35 Imperial Age
41:17 Chain Mail Armor
41:40 Iron Casting
41:49 Gold Mining
45:08 Blast Furnace
44:51 Conscription
45:15 Chain Mail Armor
46:47 Murder Holes
47:45 Plate Mail Armor
47:06 Elite Samurai
47:49 Double-Bit Axe
48:14 Herbal Medicine
51:54 Caravan
52:56 Kataparuto
54:28 Chemistry
53:35 Long Swordsman
54:35 Two-Handed Swordsman
56:03 Gold Shaft Mining
57:28 Bodkin Arrow
59:24 Hand Cart
58:39 Champion
64:02 Yasama
64:03 Guard Tower
64:35 Ballistics
Connection lost

Rejoining the realm…

Still unreachable

The connection could not be restored.

Session expired

The server has moved on; the page needs a fresh start.